 Dungeon Crawl Stone Soup version 0.29.1-13-g9f3cf754e1 (webtiles) character file.

Game seed: 17451148253408557747

23 theswoord the Shooter (level 2, 26/26 HPs)
             Began as a Naga Hunter on Jan 23, 2023.
             Was a Follower of Qazlal.
             Got out of the dungeon alive.
             The game lasted 00:00:39 (476 turns).

theswoord the Shooter (Naga Hunter)                  Turns: 476, Time: 00:00:39

Health: 26/26      AC:  2    Str: 13    XL:     2   Next: 95%
Magic:  2/2        EV:  9    Int:  9    God:    Qazlal [*.....]
Gold:   34         SH:  1    Dex: 14    Spells: 1/1 levels left

rFire   . . .      SeeInvis +   a - +0 shortbow
rCold   . . .      Faith    .   (shield currently unavailable)
rNeg    . . .      Spirit   .   c - +0 leather armour
rPois   +          Reflect  .   (no helmet)
rElec   .          Harm     .   (no cloak)
rCorr   .          Rampage  .   (no gloves)
Will    .....                   (no barding)
Stlth   ++........              (no amulet)
HPRegen 0.08/turn               (no ring)
MPRegen 0.08/turn               (no ring)

@: very slow
A: AC +0, large, see invisible, deformed body, poison resistance, slowness 2,
spit poison 1, naga tail 1
a: Spit Poison, Renounce Religion


You escaped.
You worshipped Qazlal.
Qazlal was aware of your devotion.
You visited 1 branch of the dungeon, and saw 1 of its levels.

You collected 34 gold pieces.

Inventory:

Hand Weapons
 a - a +0 shortbow (weapon)
Armour
 c - a +0 leather armour (worn)
Jewellery
 e - a ring of wizardry
Scrolls
 b - a scroll of immolation
 d - 2 scrolls of enchant armour {unknown}
 f - 2 scrolls of blinking {unknown}
 g - a scroll of teleportation {unknown}


   Skills:
 - Level 2.0 Fighting
 + Level 4.4 Ranged Weapons
 - Level 1.5 Dodging
 - Level 1.5 Stealth


You had one spell level left.
You didn't know any spells.
Your spell library was empty.

Dungeon Overview and Level Annotations

Branches:
Dungeon (1/15)

Altars:
Qazlal


Innate Abilities, Weirdness & Mutations

Your serpentine skin is tough. (AC +0)
You have supernaturally acute eyesight. (SInv)
Armour fits poorly on your strangely shaped body.
Your system is resistant to poisons. (rPois)
You cover ground very slowly.
You can spit poison.
You have a snake-like lower body.


Message History

There is an open door here.
Found a ring mail.
No target in view!
Found a leather armour.
No target in view!
Key pressed, stopping explore.
No target in view!
A rat comes into view.
You shoot an arrow. The arrow hits the rat.
You kill the rat!
No target in view!
There is an open door here.
You open the door.
There is an open door here.
There is a faded altar of an unknown god here.
You cannot tell which god this altar belongs to.
Convert to them anyway?
Qazlal accepts your prayer! Qazlal welcomes you!
Qazlal grants you and your divine allies immunity to clouds.
You are now surrounded by a storm.
There is an open door here.
There is an open door here.
Key pressed, stopping explore.
You see here a rat corpse.
Done exploring.
Done exploring.
Done exploring.
No target in view!
No target in view!
No target in view!
There is an open door, spattered with blood here.
There is a staircase leading out of the dungeon here.
Are you sure you want to leave the Dungeon?
This will make you lose the game!
Uppercase [Y]es or [N]o only, please.
Are you sure you want to leave the Dungeon?
This will make you lose the game! [Y]es or [N]o only, please.
Are you sure you want to leave the Dungeon?
This will make you lose the game! [Y]es or [N]o only, please.
Are you sure you want to leave the Dungeon?
This will make you lose the game!
You have escaped!

........#.......#...........##...
................#...........####.
...............###...............
...............# #.............##
..............## ##............#.
...##########'#####'##########...
##...### ##.....## ###.....
#.....### ##.....## ###....(..
##.......####...@...####.......#.
#..........##....°..##.........#.
#...##.....###.....###......##...
#...##.....# ###'### #.......#.#.
#...##|(..## ##.## ##..........
#...##....# ###...### #..........
#...#....####.......####.........
#...#....##...........##.........
#...#...#....###........#........


There were no monsters in sight!

Vanquished Creatures
  3 ball pythons (D:1)
  2 endoplasms (D:1)
  A giant cockroach (D:1)
  A goblin (D:1)
  2 hobgoblins (D:1)
  3 kobolds (D:1)
  A bat (D:1)
  A frilled lizard (D:1)
  7 rats (D:1)
21 creatures vanquished.

Notes
Turn   | Place    | Note
-------+----------+-------------------------------------------
     0 | D:1      | theswoord the Naga Hunter began the quest for the Orb.
     0 | D:1      | Reached XP level 1. HP: 19/19 MP: 1/1
    91 | D:1      | Reached skill level 4 in Ranged Weapons
    91 | D:1      | Reached XP level 2. HP: 26/26 MP: 2/2
   273 | D:1      | Found a faded altar of an unknown god.
   377 | D:1      | Prayed at the altar of an unknown god.
   377 | D:1      | Became a worshipper of Qazlal Stormbringer
   377 | D:1      | Reached * piety under Qazlal
   476 | D:$      | Got out of the dungeon alive.

Skill      XL: |  1 |
---------------+----+-----
Ranged Weapons | 4 |  4.4
Fighting       | |  2.0
Dodging        | |  1.5
Stealth        | |  1.5

Action                   || total
-------------------------++-------
 Fire: Shortbow          ||    39
Armor: Leather armour    ||     2

Levels and vault maps discovered:
D:1:      onia_arrival_pentagram, layout_rooms,
          hellmonk_ecumenical_altar_inner_sanctum
